 Dungeon Crawl Stone Soup version 0.22-a0-396-g3f858e3 (webtiles) character file.

235 Kairos the Skirmisher (level 5, 0/42 HPs)
             Began as a Demonspawn Fighter on May 3, 2018.
             Slain by a gnoll
             ... wielding a +0 spear
              (3 damage)
             ... on level 3 of the Dungeon.
             The game lasted 00:03:42 (2028 turns).

Kairos the Skirmisher (Demonspawn Fighter)          Turns: 2028, Time: 00:03:43

Health: 0/42       AC: 11    Str: 22    XL:     5   Next: 76%
Magic:  5/5        EV:  5    Int: 10    God:
Gold:   158        SH: 11    Dex: 12    Spells: 4/4 levels left

rFire    . . .     SeeInvis .   a - +0 flail
rCold    . . .     Gourm    .   c - +0 shield
rNeg     . . .     Faith    .   k - +0 chain mail
rPois    +         Spirit   .   (no helmet)
rElec    .         Reflect  +   (no cloak)
rCorr    .         Harm     .   (no gloves)
MR       .....     Rnd*Tele +   (no boots)
Stlth    ..........             b - +2 amulet of reflection
HPRegen  1.14/turn              p - ring of poison resistance
MPRegen  0.09/turn              q - ring of teleportation (curse)

@: mighty
A: slimy green scales 1, powered by death 1
a: no special abilities


You were on level 3 of the Dungeon.
You were very hungry.

You visited 1 branch of the dungeon, and saw 3 of its levels.

You collected 158 gold pieces.

Inventory:

Hand Weapons
 a - a +0 flail (weapon)
Missiles
 l - a throwing net (quivered)
Armour
 c - a +0 shield (worn)
 k - a +0 chain mail (worn)
Jewellery
 b - a +2 amulet of reflection (around neck)
 p - a ring of poison resistance (left hand)
 q - a cursed ring of teleportation (right hand)
Scrolls
 e - a scroll of magic mapping
 h - 4 scrolls of teleportation
 i - 2 scrolls of fear {unknown}
 r - a scroll of blinking {unknown}
 s - a scroll of identify
Potions
 g - a potion of lignification {unknown}
 j - 2 potions of berserk rage {unknown}
 m - 2 potions of curing {unknown}
 n - a potion of heal wounds {unknown}
 o - a potion of resistance {unknown}
 t - a potion of agility
Comestibles
 f - 3 rations


   Skills:
 + Level 3.8 Fighting
 + Level 3.5 Maces & Flails
 + Level 3.6 Armour
 + Level 0.6 Dodging
 + Level 3.6 Shields


You had 4 spell levels left.
You didn't know any spells.

Dungeon Overview and Level Annotations

Branches:
Dungeon (3/15)

Altars:
Gozag

Annotations:
D:3 Grinder


Innate Abilities, Weirdness & Mutations

You are partially covered in slimy green scales. (AC +2)
You regenerate a little health from kills.


Message History

The gnoll barely misses you.
You barely miss the gnoll. You block the gnoll's attack.
The gnoll hits you from afar with a spear.
* * * LOW HITPOINT WARNING * * *
You block the gnoll's attack. The gnoll hits you but does no damage.
You feel very mighty all of a sudden. You block the gnoll's attack.
The gnoll hits you but does no damage. x2
You sock the gnoll!
The gnoll is severely wounded.
The gnoll hits you from afar with a spear.
* * * LOW HITPOINT WARNING * * *
The gnoll barely misses you. You block the gnoll's attack. x2
The gnoll hits you but does no damage.
You closely miss the gnoll.
The gnoll is severely wounded.
You block the gnoll's attack. x3
You sock the gnoll!
You kill the gnoll!
The gnoll hits you from afar with a spear.
You die...

..#.# #.# ..+..
#.#
..#.######.#####
.>'............#
..#.######.###.###
#.#.# #.# #.#.#
.#.# ###.# #.#.# .
...# #.#.# .
####.###.#@# #....
.........#†# ....
.........gg# #.#.
####..###.#.#
.....###.#.## . .
......5..)..# #
..####.##.#)#)##
..........#.#.#
.....g......#)#


You could see 2 gnolls.

Vanquished Creatures
  Jessica (D:3)
  Robin (D:3)
  4 adders
  9 gnolls
  3 oozes
  A dart slug (D:1)
  2 leopard geckos
  2 orcs
  A ball python (D:1)
  A giant cockroach (D:1)
  15 goblins
  9 hobgoblins
  3 kobolds (D:1)
  4 bats
  5 frilled lizards
  6 rats
67 creatures vanquished.

Notes
Turn   | Place    | Note
-------+----------+-------------------------------------------
     0 | D:1      | Kairos the Demonspawn Fighter began the quest for the Orb.
     0 | D:1      | Reached XP level 1. HP: 18/18 MP: 1/1
   169 | D:1      | Gained mutation: You are partially covered in slimy green scales. (AC +2) [demonic ancestry]
   169 | D:1      | Reached XP level 2. HP: 24/24 MP: 2/2
   354 | D:1      | Reached XP level 3. HP: 12/29 MP: 3/3
   928 | D:2      | Gained mutation: You regenerate a little health from kills. [demonic ancestry]
   928 | D:2      | Reached XP level 4. HP: 33/35 MP: 4/4
  1327 | D:2      | Reached XP level 5. HP: 41/41 MP: 5/5
  1676 | D:3      | Found an opulent altar of Gozag.
  1799 | D:3      | Noticed Jessica
  1815 | D:3      | Killed Jessica
  1951 | D:3      | Noticed Robin
  1992 | D:3      | Killed Robin
  2013 | D:3      | Noticed Grinder
  2026 | D:3      | HP: 1/42 [gnoll/spear (6)]
  2028 | D:3      | Slain by a gnoll

Vault maps used:
D:1:      elethiomel_arrival_shortcut
D:2:      first_ration
D:3:      lemuel_round_altar, lemuel_crystal_altar, uniq_robin, uniq_grinder,
          uniq_jessica

Skill      XL: |  1  2  3  4 |
---------------+-------------+-----
Maces & Flails | 2 3 |  3.5
Armour         | 3 |  3.6
Shields        | 3 |  3.6
Fighting       | |  3.8
Dodging        | |  0.6

Action                   |  1- 3 |  4- 6 || total
-------------------------+-------+-------++-------
Melee: Flail             |    86 |   178 ||   264
  Use: Scroll            |       |     4 ||     4
       Potion            |       |     1 ||     1
  Eat: Chunk             |       |     3 ||     3
Armor: Scale mail        |    11 |       ||    11
       Chain mail        |    32 |   120 ||   152
Dodge: Dodged            |    18 |    36 ||    54
Block: Shield            |    39 |   131 ||   170
       Reflection        |       |     3 ||     3

Table legend:
 A = Spawn XP
 B = Non-spawn XP
 C = Spawn XP percentage of total XP
 D = Spawn monster count
 E = Non-spawn monster count
 F = Spawn count percentage of total count
 G = Total turns spent on level
                    A         B        C        D         E        F      G
               +---------+---------+-------+---------+---------+-------+---------
         Total |       0 |     336 |   0.0 |       0 |      67 |   0.0 |  2028
               +---------+---------+-------+---------+---------+-------+---------
           D:1 |       0 |      58 |   0.0 |       0 |      21 |   0.0 |   795
           D:2 |       0 |     156 |   0.0 |       0 |      21 |   0.0 |   874
           D:3 |       0 |     122 |   0.0 |       0 |      25 |   0.0 |   359
               +---------+---------+-------+---------+---------+-------+---------
